 Dungeon Crawl Stone Soup version 0.21.1-1-g345015f (webtiles) character file.

189 thiefofnight the Sneak (level 5, -3/39 HPs)
             Began as a Merfolk Assassin on Apr 28, 2018.
             Killed by divine providence
             ... invoked by an orc priest
              (11 damage)
             ... on level 3 of the Dungeon.
             The game lasted 00:09:14 (2523 turns).

thiefofnight the Sneak (Merfolk Assassin)           Turns: 2523, Time: 00:09:15

Health: -3/39      AC:  3    Str: 11    XL:     5   Next: 68%
Magic:  5/5        EV: 13    Int: 10    God:
Gold:   146        SH:  0    Dex: 21    Spells: 4/4 levels left

rFire    . . .     SeeInvis .   s - +1 dagger (drain)
rCold    . . .     Gourm    .   (no shield)
rNeg     . . .     Faith    .   c - +0 robe
rPois    .         Spirit   .   (no helmet)
rElec    .         Reflect  .   d - +0 cloak
rCorr    .         Harm     .   (no gloves)
MR       .....                  (no boots)
Stlth    ++++......             (no amulet)
HPRegen  0.13/turn              n - +4 ring of dexterity
MPRegen  0.09/turn              (no ring)

@: no status effects
A: change form in water, swift swim, stealthy swim
a: no special abilities


You were on level 3 of the Dungeon.
You were not hungry.

You visited 1 branch of the dungeon, and saw 3 of its levels.

You collected 146 gold pieces.

Inventory:

Hand Weapons
 a - a +2 dagger
 b - a +0 blowgun
 k - a +0 dagger
 l - a +2 quarterstaff of chaos
 p - a +0 short sword
 q - a +0 dagger
 s - a +1 dagger of draining (weapon)
Missiles
 e - 8 poisoned needles
 f - 2 curare-tipped needles
 j - 8 needles of sleeping
Armour
 c - a +0 robe (worn)
 d - a +0 cloak (worn)
 o - a +2 leather armour of poison resistance
 r - a +0 robe
 u - a +0 robe
 y - a +0 cloak
Jewellery
 n - a +4 ring of dexterity (left hand)
Scrolls
 t - a scroll of fear
 x - a scroll of amnesia
Potions
 m - 3 potions of curing
 v - a potion of haste {unknown}
 z - a potion of lignification {unknown}
 A - a potion of resistance {unknown}
Comestibles
 g - 2 rations
 i - 7 chunks of flesh


   Skills:
 + Level 2.5 Fighting
 + Level 3.5 Short Blades
 - Level 2.0 Throwing
 + Level 2.6 Dodging
 * Level 6.9 Stealth


You had 4 spell levels left.
You didn't know any spells.

Dungeon Overview and Level Annotations

Branches:
Dungeon (3/15)

Altars:
Fedhas
The Shining One


Message History

Items here: ! )) / [ † You hit the orc priest.
You drain the orc priest!
The orc priest is heavily wounded.
The orc priest hits you with a flail.
You hit the orc priest. You drain the orc priest!
The orc priest is severely wounded.
You hit the orc. You drain the orc!
The orc is almost dead.
You hit the orc.
You kill the orc!
You completely miss the orc priest.
The orc priest is severely wounded.
The orc priest mumbles some strange prayers to Beogh against you.
Beogh smites you!
* * * LOW HITPOINT WARNING * * *
You closely miss the orc priest.
The orc priest is severely wounded.
The orc priest invokes the aid of Beogh against you.
Beogh smites you!
You die...

#.#.###.#.#...
#.#...#.#.# ...
#.#...#.#.# ..
#.#.....#.# ..
#.#...)<#.# ..
#.#.....# .###
#.#.....# ..#
#.#.....########.#
#@#..............#
#o##############).
%.. ......... (....
#........ #......
#........ #.......
#........
#..#################
#..#...)............
#..#...#...#...#.


You could see an orc priest.

Vanquished Creatures
  An orc priest (D:3)
  Ijyb (D:3)
  Crazy Yiuf (D:3)
  Jessica (D:2)
  2 adders (D:2)
  An ooze (D:2)
  2 worms (D:2)
  3 dart slugs
  A leopard gecko (D:3)
  3 orcs (D:3)
  3 bats
  3 giant cockroaches
  4 goblins
  4 hobgoblins
  4 jackals (D:2)
  A quokka (D:2)
  2 frilled lizards (D:2)
  4 kobolds
  5 rats
46 creatures vanquished.

Notes
Turn   | Place    | Note
-------+----------+-------------------------------------------
     0 | D:1      | thiefofnight the Merfolk Assassin began the quest for the Orb.
     0 | D:1      | Reached XP level 1. HP: 16/16 MP: 1/1
   205 | D:1      | Reached XP level 2. HP: 22/22 MP: 2/2
   433 | D:1      | Reached skill level 5 in Stealth
  1133 | D:2      | Noticed Jessica
  1135 | D:2      | Killed Jessica
  1135 | D:2      | Reached XP level 3. HP: 27/27 MP: 3/3
  1257 | D:2      | Reached XP level 4. HP: 28/33 MP: 4/4
  1311 | D:2      | Found a blossoming altar of Fedhas.
  1349 | D:2      | Reached skill level 6 in Stealth
  2377 | D:3      | Found a glowing golden altar of the Shining One.
  2451 | D:3      | Found a runed door.
  2455 | D:3      | Noticed Crazy Yiuf
  2459 | D:3      | Killed Crazy Yiuf
  2459 | D:3      | Reached XP level 5. HP: 39/39 MP: 5/5
  2486 | D:3      | Noticed Ijyb
  2506 | D:3      | Killed Ijyb
  2523 | D:3      | Killed from afar by an orc priest

Skill      XL: |  1  2  3  4 |
---------------+-------------+-----
Stealth        | 5 6 |  6.9
Short Blades   | 3 |  3.5
Dodging        | 2 |  2.6
Fighting       | |  2.5
Throwing       | |  2.0

Action                   |  1- 3 |  4- 6 || total
-------------------------+-------+-------++-------
Melee: Dagger            |    72 |    73 ||   145
  Use: Potion            |     5 |       ||     5
       Scroll            |     3 |     6 ||     9
 Stab: Sleeping          |     6 |    10 ||    16
       Distracted        |       |     1 ||     1
  Eat: Chunk             |     1 |     1 ||     2
       Ration            |       |     1 ||     1
Armor: Robe              |     9 |     5 ||    14
       Skin              |       |     8 ||     8
Dodge: Dodged            |    42 |    28 ||    70
